 Dungeon Crawl Stone Soup version 0.28.0 (webtiles) character file.

Game seed: 5766695436348943824

42 blackman the Chopper (level 3, -1/29 HPs)
             Began as a Human Monk on Feb 6, 2022.
             Was a Believer of Zin.
             Succumbed to Robin's poison
             ... on level 2 of the Dungeon.
             The game lasted 00:03:11 (2095 turns).

blackman the Chopper (Human Monk)                   Turns: 2095, Time: 00:03:12

Health: -1/29      AC:  3    Str: 13    XL:     3   Next: 77%
Magic:  3/3        EV: 13    Int: 10    God:    Zin [**....]
Gold:   44         SH:  0    Dex: 15    Spells: 2/2 levels left

rFire   . . .      SeeInvis .   a - +0 hand axe
rCold   . . .      Faith    .   (no shield)
rNeg    . . .      Spirit   .   b - +0 robe
rPois   .          Reflect  .   (no helmet)
rElec   .          Harm     .   (no cloak)
rCorr   .          Rampage  .   e - +0 pair of gloves
Will    .....                   (no boots)
Stlth   ++........              (no amulet)
HPRegen 0.09/turn               (no ring)
MPRegen 0.08/turn               (no ring)

@: lethally poisoned (-1 -> -18), on recite cooldown
A: no striking features
a: Renounce Religion, Recite, Vitalisation, Donate Gold


You were on level 2 of the Dungeon.
You worshipped Zin.
Zin was pleased with you.
You visited 1 branch of the dungeon, and saw 2 of its levels.

You collected 48 gold pieces.
You donated 4 gold pieces to Zin.

Inventory:

Hand Weapons
 a - a +0 hand axe (weapon)
Missiles
 i - 5 javelins (quivered)
Armour
 b - a +0 robe (worn)
 e - a +0 pair of gloves (worn)
Jewellery
 h - a ring of wizardry
Scrolls
 c - 2 scrolls of identify {unknown}
 d - a scroll of blinking {unknown}
 f - a scroll of immolation {unknown}
 g - a scroll of amnesia {unknown}


   Skills:
 - Level 3.0 Fighting
 + Level 4.4 Axes
 - Level 3.0 Dodging
 - Level 2.0 Stealth


You had 2 spell levels left.
You didn't know any spells.
Your spell library was empty.

Dungeon Overview and Level Annotations

Branches:
Dungeon (2/15)

Altars:
Zin

Annotations:
D:2 Robin


Message History

You barely miss the goblin.
The goblin is heavily wounded.
You closely miss the hobgoblin. The goblin misses you.
The hobgoblin misses you.
A goblin comes into view. It is wielding a +0 dagger.
The goblin shouts! x2
You hit the goblin.
The goblin is severely wounded.
You hit the hobgoblin.
You kill the hobgoblin!
The goblin closely misses you. Robin throws the goblin at you!
The goblin hits you with a +0 club.
* * * LOW HITPOINT WARNING * * *
You hit the goblin.
You kill the goblin!
You barely miss the goblin.
Robin roars a battlecry!
The goblins go into a battle-frenzy!
The goblin closely misses you.
There is a stone staircase leading down here.
You see here a +0 club.
You closely miss the goblin. The goblin completely misses you.
You hit the goblin.
You kill the goblin!
You hit Robin but do no damage. Robin closely misses you.
You hit Robin.
Robin is lightly wounded.
Robin hits you with a +2 dagger of venom.
* * * LOW HITPOINT WARNING * * *
You are poisoned.
You barely miss Robin.
Robin is lightly wounded.
* * * LOW HITPOINT WARNING * * *
You feel sick.
Robin hits you with a +2 dagger of venom.
* * * LOW HITPOINT WARNING * * *
You are more poisoned.
You hit Robin but do no damage.
Robin is lightly wounded.
You die...

#.....# ..##.....#
.........#
..........#
..........#
..#.......#
..#.......#########.#
...........ggggg@.$.#
#.##.#...############
#............#
#.......l....#
.....g.......#
#...g..g...### #####
#..g.......# #...#
#.#........# #.#.###
#.#........# #.#...#


You could see Robin, a hobgoblin (strong) and 3 goblins.

Vanquished Creatures
  An ufetubus (D:2)
  2 dart slugs
  A ball python (D:1)
  3 bats
  4 endoplasms
  A giant cockroach (D:2)
  6 goblins
  3 hobgoblins
  A quokka (D:1)
  A frilled lizard (D:2)
  4 kobolds
  A rat (D:1)
28 creatures vanquished.

Notes
Turn   | Place    | Note
-------+----------+-------------------------------------------
     0 | D:1      | blackman the Human Monk began the quest for the Orb.
     0 | D:1      | Reached XP level 1. HP: 18/18 MP: 1/1
   255 | D:1      | Reached XP level 2. HP: 16/24 MP: 2/2
  1491 | D:2      | Found a glowing silver altar of Zin.
  1500 | D:2      | Became a worshipper of Zin the Law-Giver
  1500 | D:2      | Reached * piety under Zin
  1500 | D:2      | Reached ** piety under Zin
  1511 | D:2      | Reached skill level 4 in Axes
  1511 | D:2      | Reached XP level 3. HP: 29/29 MP: 3/3
  2042 | D:2      | Noticed Robin
  2095 | D:2      | Succumbed to Robin's poison

Illustrated notes

Levels and vault maps discovered:
D:1:      saegor_arrival_simple_b, layout_basic, serial_curves, eino_curves_02,
          eino_curves_04, eino_curves_03, eino_curves_02
D:2:      layout_basic, basic_altar, minmay_pentomino_r4, uniq_robin,
          uniq_natasha

Skill      XL: |  1  2 |
---------------+-------+-----
Axes           | 4 |  4.4
Fighting       | |  3.0
Dodging        | |  3.0
Stealth        | |  2.0

Action                   || total
-------------------------++-------
Melee: Hand axe          ||    84
       Punch             ||     1
Invok: Recite            ||     1
 Stab: Sleeping          ||     4
Armor: Robe              ||    21
Dodge: Dodged            ||    60
